Map: [ESL] Tropical Sacrifice

Players

Fjant

  • Race: Zerg Zerg
  • League: Grandmaster
  • Spawn Location: 7:00

bArtH - Winner!

  • Race: Terran Terran
  • League: Master
  • Spawn Location: 1:00

VOD

Have the link to the VOD?

Description

Time

  • Played on: July 12, 2022, 8:03 a.m.
  • Length: 10:13
Show
View Real Time Build Order
Export as new Build Order

Fjant Zerg 

Build Orders: Hatch First 

Get SALT Encoding   

  12  0:00  Drone  
  13  0:13  Overlord  
  13  0:17  Drone  
  14  0:31  Drone x2  
  16  0:49  Hatchery  
  15  0:53  Drone  
  15  0:56  Drone  
  17  0:59  Drone  
  18  1:11  Extractor  
  17  1:15  Spawning Pool  
  17  1:18  Drone  
  17  1:21  Drone  
  18  1:30  Drone  
  19  1:45  Drone  
  20  1:52  Drone  
  21  2:03  Queen x2  
  21  2:04  Zergling x2  
  21  2:05  Zergling x2  
  27  2:14  Overlord  
  27  2:17  Drone  
  28  2:26  Hatchery  
  27  2:35  Drone x2  
  28  2:43  Drone x2  
  30  2:44  Drone  
  30  2:45  Overlord  
  31  2:52  Metabolic Boost  
  31  2:56  Drone  
  31  2:57  Zergling x2  
  33  3:02  Queen  
  35  3:06  Drone  
  35  3:08  Drone  
  37  3:14  Drone x2  
  37  3:15  Drone  
  37  3:16  Drone  
  42  3:20  Zergling x2  
  42  3:22  Queen  
  44  3:27  Overlord  
  44  3:39  Queen  
  46  3:41  Queen  
  46  3:42  Overlord  
  46  3:43  Drone  
  46  3:48  Zergling x4  
  51  3:52  Zergling x2  
  51  3:53  Drone x2  
  54  3:55  Overlord  
  54  3:58  Drone  
  55  4:02  Queen  
  55  4:09  Drone x2  
  59  4:15  Zergling x4, Spore Crawler  
  59  4:16  Drone  
  63  4:17  Drone x2  
  63  4:19  Overlord  
  63  4:25  Queen  
  65  4:32  Overlord  
  65  4:33  Drone  
  65  4:36  Overlord  
  66  4:40  Drone x2  
  66  4:42  Drone x2  
  70  4:47  Overlord  
  70  4:49  Lair  
  70  4:50  Drone  
  70  4:51  Baneling Nest, Drone  
  71  4:55  Queen  
  71  4:57  Zergling x4  
  75  5:00  Overlord  
  75  5:02  Drone  
  75  5:04  Overlord  
  76  5:08  Drone  
  76  5:11  Overlord  
  77  5:14  Drone  
  77  5:15  Drone x4  
  77  5:21  Drone x2, Extractor  
  81  5:22  Drone, Extractor  
  83  5:31  Drone  
  83  5:33  Overlord x2  
  84  5:37  Zergling x4  
  84  5:39  Drone x4  
  89  5:45  Zergling x6  
  89  5:49  Drone x2  
  94  5:50  Drone  
  94  5:53  Hatchery  
  94  5:54  Zergling x6  
  97  6:03  Drone x2  
  99  6:04  Centrifugal Hooks  
  99  6:07  Evolution Chamber, Extractor  
  99  6:08  Evolution Chamber  
  96  6:11  Zergling x2  
  96  6:12  Zergling x10  
  96  6:18  Baneling x8  
  102  6:19  Drone x4  
  102  6:22  Overlord  
  102  6:23  Extractor  
  105  6:30  Zergling x4  
  105  6:31  Baneling  
  105  6:32  Baneling x5  
  107  6:33  Overlord  
  107  6:34  Zergling x2  
  107  6:37  Baneling x4  
  107  6:39  Zergling x8  
  111  6:48  Zergling x6  
  114  6:54  Zergling x6  
  104  7:01  Zergling x2  
  104  7:02  Zergling x2  
  104  7:05  Baneling x5  
  104  7:06  Queen x4  
  104  7:08  Zergling x8  
  112  7:12  Zergling x4  
  112  7:13  Baneling x10  
  112  7:20  Zergling x14  
  114  7:28  Baneling x3  
  114  7:29  Zergling x8  
  110  7:41  Zergling x8  
  110  7:43  Baneling x2  
  107  7:44  Baneling  
  107  7:45  Baneling x6  
  97  7:58  Zergling x14  
  97  7:59  Zergling x4  
  97  8:00  Zergling x10, Queen  
  97  8:01  Queen  
  105  8:07  Queen  
  102  8:15  Zergling x16  
  101  8:21  Zergling x4  
  101  8:25  Zergling x2  
  101  8:26  Queen  
  98  8:27  Baneling  
  98  8:28  Baneling x3  
  98  8:29  Zergling x4  
  98  8:33  Zergling x4  
  98  8:36  Queen x2  
  98  8:38  Zergling x2  
  98  8:39  Zergling x2  
  103  8:41  Baneling x4  
  103  8:42  Queen  
  103  8:43  Baneling x5  
  103  8:45  Zergling x18  
  105  9:02  Zergling x14  
  105  9:03  Zergling x4  
  105  9:05  Zergling x2  
  105  9:06  Zergling x2  
  105  9:08  Baneling x4  
  105  9:09  Baneling x3  
  105  9:16  Zergling x8  
  102  9:18  Queen x2  
  102  9:23  Zergling x6  
  100  9:29  Queen  
  100  9:30  Zergling x2  
  100  9:31  Zergling x12  
  104  9:32  Baneling x8  
  104  9:34  Zergling x2  
  105  9:39  Zergling x2  
  105  9:40  Zergling x4  
  105  9:43  Zergling x2  
  105  9:45  Zergling x4  
  109  9:54  Zergling x14  
  109  9:55  Zergling x2  
Show
View Real Time Build Order
Export as new Build Order

bArtH Terran - Winner!

Build Orders: Reaper Expand 

Get SALT Encoding   

  12  0:00  SCV  
  13  0:12  SCV  
  14  0:18  Supply Depot  
  14  0:24  SCV  
  15  0:39  SCV  
  15  0:40  Barracks  
  16  0:45  Refinery  
  16  0:51  SCV  
  17  1:03  SCV  
  18  1:15  SCV  
  19  1:28  Reaper, Orbital Command  
  20  1:42  Command Center  
  20  1:50  Supply Depot  
  20  1:54  SCV  
  20  2:00  Marine  
  22  2:06  SCV  
  23  2:14  Factory  
  23  2:19  SCV  
  24  2:23  Barracks Reactor  
  24  2:25  Refinery  
  24  2:31  SCV  
  25  2:43  SCV  
  26  2:55  Orbital Command, SCV  
  27  3:02  Starport  
  27  3:05  Hellion x2  
  31  3:07  SCV  
  31  3:09  Barracks Tech Lab  
  32  3:19  SCV  
  33  3:21  SCV  
  33  3:25  Supply Depot  
  33  3:26  Hellion x2  
  38  3:31  SCV  
  39  3:38  Stimpack, Viking  
  39  3:39  SCV  
  42  3:43  SCV, Marine  
  44  3:52  SCV  
  44  3:53  Barracks  
  45  3:57  Barracks  
  45  3:58  Factory Reactor  
  45  4:00  SCV  
  46  4:04  Marine, Supply Depot  
  46  4:09  SCV  
  48  4:12  SCV  
  48  4:14  Starport Tech Lab  
  49  4:18  Engineering Bay  
  49  4:21  SCV  
  49  4:22  Marine  
  51  4:24  SCV  
  52  4:33  SCV  
  52  4:36  SCV  
  52  4:38  Refinery  
  54  4:39  Supply Depot  
  54  4:40  Marine  
  54  4:41  Marine x2, Starport Reactor  
  57  4:45  SCV  
  57  4:46  Siege Tank  
  57  4:47  Terran Infantry Weapons Level 1  
  57  4:49  SCV  
  62  5:00  SCV  
  62  5:01  Marine x2, Supply Depot, SCV  
  62  5:02  Marine, Supply Depot  
  62  5:04  Marine  
  62  5:05  Marine  
  67  5:20  Barracks x2  
  69  5:24  Siege Tank  
  69  5:26  Medivac  
  69  5:27  Medivac  
  74  5:29  SCV  
  74  5:30  Marine x2  
  74  5:33  Marine  
  74  5:34  Marine  
  80  5:37  Combat Shield  
  80  5:38  Refinery  
  80  5:40  SCV  
  80  5:42  Supply Depot  
  80  5:46  Marine  
  80  5:47  SCV  
  80  5:48  Supply Depot  
  82  5:58  Siege Tank  
  82  6:00  Marine  
  82  6:04  Marine x3  
  86  6:07  Supply Depot  
  89  6:12  Supply Depot  
  89  6:15  Medivac  
  89  6:17  Marine  
  92  6:19  Marine x3  
  92  6:23  Medivac  
  97  6:26  Marine x3  
  97  6:31  Siege Tank  
  103  6:35  Marine  
  103  6:36  Marine  
  103  6:37  Marine  
  103  6:39  Marine  
  107  6:42  Terran Infantry Armor Level 1  
  107  6:44  Marine x3  
  110  6:53  Marine  
  111  6:54  Marine x2  
  111  6:56  Marine  
  106  7:02  Marine x3  
  106  7:04  Siege Tank  
  111  7:11  Marine  
  111  7:12  Marine x2, Supply Depot  
  111  7:13  Supply Depot  
  114  7:15  Marine  
  114  7:19  Marine x2  
  114  7:20  Marine  
  112  7:29  Marine  
  112  7:30  Marine x2  
  112  7:33  Marine  
  107  7:37  Marine x2  
  107  7:38  Marine  
  96  7:46  Marine  
  96  7:48  Marine x2  
  96  7:51  Marine  
  95  7:55  Marine x2  
  95  7:56  Marine  
  94  7:59  Siege Tank  
  94  8:04  Marine  
  92  8:06  Marine x2  
  92  8:09  Marine  
  92  8:10  Medivac  
  92  8:11  Medivac  
  97  8:13  Marine x2  
  97  8:14  Marine  
  95  8:22  Marine  
  95  8:23  Marine  
  95  8:24  Marine  
  95  8:26  Marine  
  88  8:31  Marine x3  
  88  8:32  Siege Tank  
  92  8:40  Marine, Liberator  
  96  8:41  Marine x2  
  96  8:44  Marine  
  98  8:49  Marine x3  
  100  8:58  Marine  
  100  8:59  Marine x2  
  100  9:02  Marine  
  98  9:03  Command Center  
  98  9:06  Marine x2  
  98  9:07  Marine  
  97  9:11  Siege Tank  
  97  9:16  Marine  
  101  9:17  Marine x2  
  101  9:20  Marine  
  103  9:24  Marine x2  
  103  9:25  Marine  
  104  9:33  Marine  
  104  9:35  Marine x2  
  104  9:38  Marine  
  114  9:42  Marine  
  114  9:43  Marine x2  
  117  9:51  Marine  
  118  9:52  Marine  
  118  9:53  Marine  
Tags
 
Add a new tag
Caveats
  • Supply blocks, unpowered buildings, or Contaminate may cause inaccurate times.
  • Supply counts are checked every 10 seconds.